 Dungeon Crawl Stone Soup version 0.31-a0-175-g9f7f995f2b (webtiles) character file.

Game seed: 2345131198451269984

225 qw the Shooter (level 6, -2/55 HPs)
             Began as a Naga Hunter on June 17, 2023.
             Slain by a gnoll
             ... wielding a +0 spear
              (6 damage)
             ... on level 2 of the Dungeon.
             The game lasted 00:00:38 (1946 turns).

qw the Shooter (Naga Hunter)                        Turns: 1946, Time: 00:00:38

Health: -2/55      AC:  5    Str: 14    XL:     6   Next: 1%
Magic:  6/6        EV: 10    Int:  9    God:
Gold:   59         SH:  0    Dex: 20    Spells: 5/5 levels left

rFire   + . .        Y - +0 shortbow
rCold   + . .        (shield currently unavailable)
rNeg    . . .        c - +0 leather armour
rPois   +            l - +1 helmet "Ogop" {Dex+4}
rElec   .            b - scarf {rC+ rF+}
rCorr   .            (no gloves)
SInv    +            (no barding)
Will    .....        (no amulet)
Stlth   ++           (no ring)
HPRegen 0.29/turn    (no ring)
MPRegen 0.10/turn

%: no passive effects
@: short of breath, very slow
A: AC +2, large, see invisible, deformed body, poison resistance, slowness 2,
spit poison 1, naga tail 1
a: Spit Poison


You were on level 2 of the Dungeon.
You visited 1 branch of the dungeon, and saw 3 of its levels.

You collected 59 gold pieces.


Innate Abilities, Weirdness & Mutations

Your serpentine skin is tough. (AC +2)
You have supernaturally acute eyesight. (SInv)
Armour fits poorly on your strangely shaped body.
Your system is resistant to poisons. (rPois)
You cover ground very slowly.
You can spit poison.
You have a snake-like lower body.


   Skills:
 + Level 2.4 Fighting
 - Level 6.2 Ranged Weapons
 - Level 1.5 Dodging
 - Level 1.5 Stealth


You had 5 spell levels left.
You didn't know any spells.
Your spell library was empty.

Inventory:

Hand Weapons
 Y - a +0 shortbow (weapon)
Armour
 b - a scarf of resistance (worn)
 c - a +0 leather armour (worn)
 l - the +1 helmet "Ogop" (worn) {Dex+4}
   (You found it on level 2 of the Dungeon)

   Dex:       It affects your dexterity (+4).
Scrolls
 a - a scroll of identify
Potions
 d - a potion of brilliance {unknown}
 f - 2 potions of haste
 i - a potion of ambrosia {unknown}
 k - a potion of heal wounds {unknown}

Dungeon Overview and Level Annotations

Branches:
Dungeon (3/15)

Altars:

Annotations:
D:2 1 runed translucent door, Crazy Yiuf


Message History

There are monsters nearby!
Waypoint 2 assigned to D:3.
1939 ||| INVOKING Spit Poison.
Aiming: Spit Poison (1% risk of failure)
Press: ? - help, Shift-Dir - straight line, f - gnoll The splash of poison misses the gnoll.
The splash of poison hits the gnoll.
The gnoll is heavily wounded.
The gnoll hits you with a +1 spear of distortion.
Space warps around you. The gnoll barely misses you.
1940 ||| STAIRDANCE The gnoll closely misses you.
The gnoll hits you with a +0 spear! The gnoll closely misses you.
You climb upwards.
Level annotation: 1 runed translucent door, Crazy Yiuf
There is a stone staircase leading down here.
You shoot an arrow. The arrow hits the gnoll.
The gnoll is heavily wounded.
The gnoll closely misses you. The gnoll barely misses you.
The gnoll closely misses you.
You shoot an arrow. The arrow hits the gnoll.
The gnoll is severely wounded.
The gnoll misses you.
The gnoll hits you with a +1 spear of distortion.
Space warps around you. The gnoll hits you with a +0 flail.
You shoot an arrow. The arrow hits the gnoll.
The gnoll is severely wounded.
You have got your breath back.
The gnoll hits you with a +0 spear! The gnoll barely misses you.
The gnoll misses you.
1945 ||| INVOKING Spit Poison.
Aiming: Spit Poison (1% risk of failure)
Press: ? - help, Shift-Dir - straight line, f/p - gnoll The splash of poison hits the gnoll!
The gnoll is poisoned.
You kill the gnoll!
The gnoll barely misses you.
The gnoll hits you with a +1 spear of distortion.
Space warps around you.
You have reached level 6!
Your skin feels tougher.
You shoot an arrow. The arrow barely misses the gnoll.
The gnoll hits you with a +0 spear.
You die...

..............................#
##'#.#......................###
##.#.#.#####.............%.)#
.......# #................#
#...########................#
............................#
.........)....#.............#
..............#.g)..........#
..............#.@...........#
................g############
#...##.......#####
#...##.......# #...##.......#
#..########### ##.# ##.##77777
#......7.777 ###


You could see 2 gnolls.

Vanquished Creatures
  Sigmund (D:2)
  A gnoll (D:2)
  A worm (D:2)
  2 dart slugs
  5 endoplasms
  A giant cockroach (D:1)
  3 goblins (D:1)
  2 hobgoblins
  11 jackals
  A ball python (D:2)
  4 bats
  4 frilled lizards
  4 kobolds (D:1)
  3 rats
43 creatures vanquished.

Notes
Turn   | Place    | Note
-------+----------+-------------------------------------------
     0 | D:1      | qw the Naga Hunter began the quest for the Orb.
     0 | D:1      | Reached XP level 1. HP: 19/19 MP: 1/1
     0 | D:1      | 0 ||| qw: Version: 0.3-a-3-g30531e4
     0 | D:1      | 0 ||| qw: Game counter: 413
     0 | D:1      | 0 ||| qw: Always use a shield: true
     0 | D:1      | 0 ||| qw: God list: Okawaru
     0 | D:1      | 0 ||| qw: Allow faded altars: false
     0 | D:1      | 0 ||| qw: Do Orc after D:15 true
     0 | D:1      | 0 ||| qw: Do second Lair branch before Depths: true
     0 | D:1      | 0 ||| qw: Lair rune preference: random
     0 | D:1      | 0 ||| qw: Plans: Normal
     0 | D:1      | 0 ||| PLANNING D:1-11
    79 | D:1      | 79 ||| INVOKING Spit Poison.
    82 | D:1      | 82 ||| INVOKING Spit Poison.
    85 | D:1      | 85 ||| INVOKING Spit Poison.
    90 | D:1      | 90 ||| INVOKING Spit Poison.
    99 | D:1      | 99 ||| INVOKING Spit Poison.
   101 | D:1      | Reached skill level 4 in Ranged Weapons
   101 | D:1      | Reached XP level 2. HP: 22/26 MP: 2/2
   123 | D:1      | 123 ||| INVOKING Spit Poison.
   126 | D:1      | 126 ||| INVOKING Spit Poison.
   153 | D:1      | 153 ||| INVOKING Spit Poison.
   271 | D:1      | 271 ||| INVOKING Spit Poison.
   326 | D:1      | 326 ||| INVOKING Spit Poison.
   534 | D:1      | 534 ||| INVOKING Spit Poison.
   538 | D:1      | 538 ||| INVOKING Spit Poison.
   543 | D:1      | 543 ||| INVOKING Spit Poison.
   546 | D:1      | 546 ||| INVOKING Spit Poison.
   549 | D:1      | HP: 5/26 [jackal (3)]
   550 | D:1      | 550 ||| INVOKING Spit Poison.
   551 | D:1      | Reached XP level 3. HP: 4/32 MP: 3/3
   782 | D:1      | 782 ||| INVOKING Spit Poison.
   842 | D:1      | 842 ||| INVOKING Spit Poison.
   980 | D:1      | 980 ||| READING scroll labelled KURAXZ JIJEOCE.
   981 | D:1      | 981 ||| READING scroll labelled REWUEMIVAT.
   982 | D:1      | 982 ||| READING scroll labelled WEZYTOABUCW.
   983 | D:1      | 983 ||| DRINKING 3 cyan potions.
   984 | D:1      | 984 ||| DROPPING scroll of butterflies.
  1107 | D:2      | 1107 ||| INVOKING Spit Poison.
  1114 | D:2      | 1114 ||| INVOKING Spit Poison.
  1117 | D:2      | 1117 ||| INVOKING Spit Poison.
  1121 | D:2      | 1121 ||| INVOKING Spit Poison.
  1218 | D:2      | Noticed Sigmund
  1221 | D:2      | 1221 ||| INVOKING Spit Poison.
  1226 | D:2      | 1226 ||| INVOKING Spit Poison.
  1227 | D:2      | HP: 6/32 [Sigmund/+0 scythe (3)]
  1229 | D:2      | HP: 1/32 [Sigmund/+0 scythe (6)]
  1230 | D:2      | Killed Sigmund
  1231 | D:2      | Reached skill level 6 in Ranged Weapons
  1231 | D:2      | Reached XP level 4. HP: 1/39 MP: 4/4
  1231 | D:2      | Reached XP level 5. HP: 2/45 MP: 5/5
  1585 | D:2      | 1585 ||| INVOKING Spit Poison.
  1605 | D:2      | 1605 ||| INVOKING Spit Poison.
  1610 | D:2      | 1610 ||| INVOKING Spit Poison.
  1620 | D:2      | 1620 ||| INVOKING Spit Poison.
  1686 | D:2      | Found a runed translucent door.
  1687 | D:2      | Noticed Crazy Yiuf
  1738 | D:2      | 1738 ||| INVOKING Spit Poison.
  1739 | D:2      | 1739 ||| Stepping ~*~*~tactically~*~*~ (outnumbered).
  1744 | D:2      | 1744 ||| INVOKING Spit Poison.
  1757 | D:2      | Identified the +1 helmet "Ogop" {Dex+4}
  1851 | D:2      | 1851 ||| UPGRADING to scarf of resistance.
  1856 | D:2      | 1856 ||| UPGRADING to +1 helmet "Ogop" {Dex+4}.
  1861 | D:2      | 1861 ||| DROPPING amulet of magic regeneration.
  1862 | D:2      | 1862 ||| READING scroll labelled QIZAUKHL LATAMO.
  1863 | D:2      | 1863 ||| READING scroll labelled VECEAB IQUSE.
  1908 | D:2      | 1908 ||| READING 3 scrolls labelled XIQOJO QIUVIO.
  1909 | D:2      | 1909 ||| DROPPING 2 scrolls of noise.
  1939 | D:3      | 1939 ||| INVOKING Spit Poison.
  1940 | D:3      | 1940 ||| STAIRDANCE
  1945 | D:2      | 1945 ||| INVOKING Spit Poison.
  1945 | D:2      | HP: 7/45 [gnoll/+1 spear of distortion (5)]
  1945 | D:2      | HP: 3/45 [gnoll/+1 spear of distortion (4)]
  1946 | D:2      | Reached XP level 6. HP: 4/55 MP: 6/6
  1946 | D:2      | Slain by a gnoll

Levels and vault maps discovered:
D:1:      minmay_arrival_loop, layout_basic, kennysheep_boxes
D:2:      layout_basic, minmay_split_cup_large, uniq_crazy_yiuf_cottage,
          uniq_sigmund
D:3:      layout_loops_ring, mainiacjoe_overflow_tiny_flanked,
          hellmonk_ecumenical_altar_leap_of_faith, uniq_natasha, uniq_jessica

Skill      XL: |  1  2  3 |
---------------+----------+-----
Ranged Weapons | 4 6 |  6.2
Fighting       | |  2.4
Dodging        | |  1.5
Stealth        | |  1.5

Action                     |  1- 3 |  4- 6 || total
---------------------------+-------+-------++-------
   Fire: Shortbow          |    74 |    25 ||    99
Ability: Spit Poison       |    23 |     8 ||    31
    Use: Scroll            |     3 |     3 ||     6
         Potion            |     1 |       ||     1
 Armour: Leather armour    |     5 |     2 ||     7
  Dodge: Dodged            |    29 |    14 ||    43

Table legend:
 A = Non-vault XP
 B = Vault XP
 C = Vault XP percentage of total XP
 D = Non-vault monster count
 E = Vault monster count
 F = Vault count percentage of total count
                 A         B        C        D         E       F
            +---------+---------+-------+---------+---------+-------
      Total |      83 |     239 |  74.2 |      38 |       5 |  11.6
            +---------+---------+-------+---------+---------+-------
        D:1 |      44 |       0 |   0.0 |      24 |       0 |   0.0
        D:2 |      39 |     239 |  86.0 |      14 |       5 |  26.3
            +---------+---------+-------+---------+---------+-------
